 Dungeon Crawl Stone Soup version 0.17-a0-1987-gaf5a542 (webtiles) character file.

396 Shim the Grasshopper (level 6, -1/41 HPs)
             Began as a High Elf Warper on Oct 6, 2015.
             Slain by a hound skeleton (2 damage)
             ... while paralysed
             ... on level 6 of the Dungeon.
             The game lasted 00:35:03 (6065 turns).

Shim the Grasshopper (High Elf Warper)              Turns: 6065, Time: 00:35:03

Health: -1/41      AC:  4    Str: 10    XL:     6   Next: 52%
Magic:  12/12      EV:  2    Int: 17    God:
Gold:   222        SH:  0    Dex: 17    Spells: 5 memorised, 0 levels left

rFire  . . .     SeeInvis .     p - +1 short sword (speed)
rCold  . . .     Clarity  .     b - +0 leather armour
rNeg   . . .     SustAt   .     (no shield)
rPois  +         Gourm    .     (no helmet)
rElec  .         Spirit   .     m - +0 cloak
rCorr  .         Warding  .     (no gloves)
rMut   .         Stasis   .     (no boots)
MR     .....                    (no amulet)
Stlth  ++........               j - ring of wizardry
                                i - ring of poison resistance

@: paralysed, fainting, not resistant to hostile enchantments, unstealthy
A: no striking features
a: no special abilities


You were on level 6 of the Dungeon.
You were fainting.

You visited 1 branch of the dungeon, and saw 6 of its levels.

You collected 222 gold pieces.

Inventory:

Hand Weapons
 p - a +1 short sword of speed (weapon)
Missiles
 e - a tomahawk (quivered)
 g - 17 arrows
 h - 5 needles of confusion
 n - 81 stones
 z - 27 poisoned needles
 B - 7 needles of slowing
Armour
 a - a cursed -2 leather armour
 b - a +0 leather armour (worn)
 m - a +0 cloak (worn)
 E - the cursed +1 ring mail of Submission {Str+4 Int+2, unknown}
   (You found it on level 4 of the Dungeon)

   It affects your strength (+4).
   It affects your intelligence (+2).
   It has a curse placed upon it.
Jewellery
 i - a ring of poison resistance (left hand)
 j - a ring of wizardry (right hand)
 u - an uncursed ring of wizardry
Wands
 f - a wand of slowing (27)
 y - a wand of fireball (8)
Scrolls
 d - 2 scrolls of blinking
 k - 2 scrolls of remove curse
 o - a scroll of identify
 q - a scroll of noise
 r - 2 scrolls of amnesia {unknown}
 v - 2 scrolls of fear {unknown}
 w - 2 scrolls of teleportation {unknown}
 C - a scroll of random uselessness {unknown}
Potions
 l - 2 potions of curing
 s - a potion of might
 t - 3 potions of agility
 x - a potion of degeneration {unknown}
 A - 2 potions of flight {unknown}
 D - a potion of invisibility {unknown}
Books
 c - a book of Spatial Translocations

   Spells                             Type                      Level
   a - Apportation                    Translocation                1
   b - Blink                          Translocation                2
   c - Shroud of Golubria             Charms/Translocation         2
   d - Portal Projectile              Translocation                3
   e - Teleport Other                 Translocation                3
   f - Passage of Golubria            Translocation                4


   Skills:
 + Level 2.9 Fighting
 * Level 3.8 Short Blades
 + Level 2.2 Throwing
 + Level 1.6 Armour
 + Level 3.7 Dodging
 * Level 2.7 Stealth
 + Level 3.4 Spellcasting
 + Level 1.4 Charms
 + Level 3.9 Translocations


You couldn't memorise any spells.
You knew the following spells:

 Your Spells              Type           Power        Failure   Level  Hunger
a - Apportation           Tloc           ###.......   2%          1    None
b - Blink                 Tloc           N/A          4%          2    ##.....
c - Shroud of Golubria    Chrm/Tloc      ##........   4%          2    ##.....
d - Portal Projectile     Tloc           ###...       6%          3    ###....
e - Teleport Other        Tloc           ###.....     6%          3    ###....


Dungeon Overview and Level Annotations

Branches:
Dungeon (6/15)
 Temple: D:4-7

Altars:
Ashenzari
Elyvilon
Fedhas
Qazlal
Ru
Xom


Message History

* * * LOW HITPOINT WARNING * * *
You hit the hound skeleton. The hound skeleton closely misses you.
You barely miss the hound skeleton. You hit the hound skeleton.
The hound skeleton bites you.
* * * LOW HITPOINT WARNING * * *
You barely miss the hound skeleton.
You lose consciousness!
The hound skeleton bites you.
* * * LOW HITPOINT WARNING * * *
The hound skeleton bites you.
* * * LOW HITPOINT WARNING * * *
The hound skeleton bites you but does no damage.
The hound skeleton bites you.
* * * LOW HITPOINT WARNING * * *
The hound skeleton bites you but does no damage.
The hound skeleton bites you.
* * * LOW HITPOINT WARNING * * *
The hound skeleton bites you but does no damage.
The hound skeleton bites you.
You die... .. #.# #.# #.. .<.. #.# PP...

# #.# .P.P.
#.###.#P._.P.
+..@Z.#PPPPP#
#####.#.PPP..
#.........
##........
#<.......
##Z....##
.....#
.......
.....##


You could see a hound skeleton.

Vanquished Creatures
  A jelly (D:5)
  A centaur skeleton (D:4)
  An orc wizard (D:3)
  Jessica (D:2)
  3 worker ants
  An iguana (D:4)
  5 adders
  3 gnolls (D:3)
  3 worms
  5 giant geckos
  11 orcs (D:3)
  3 ball pythons
  6 giant cockroaches
  6 goblins
  7 hobgoblins
  11 jackals
  3 quokkas (D:2)
  9 bats
  5 giant newts
  10 kobolds
  A quokka skeleton (D:4)
  4 rats
100 creatures vanquished.

Notes
Turn   | Place    | Note
--------------------------------------------------------------
     0 | D:1      | Shim the High Elf Warper began the quest for the Orb.
     0 | D:1      | Reached XP level 1. HP: 14/14 MP: 4/4
   498 | D:1      | Reached XP level 2. HP: 10/19 MP: 6/6
   600 | D:1      | Learned a level 2 spell: Blink
   914 | D:1      | Learned a level 2 spell: Shroud of Golubria
  1251 | D:1      | Reached skill level 1 in Armour
  1473 | D:2      | Reached XP level 3. HP: 24/24 MP: 5/8
  2439 | D:2      | Noticed Jessica
  2460 | D:2      | Killed Jessica
  2460 | D:2      | Reached skill level 1 in Stealth
  2460 | D:2      | Reached XP level 4. HP: 26/30 MP: 6/9
  2933 | D:2      | Found a shattered altar of Ashenzari.
  3341 | D:3      | Reached XP level 5. HP: 35/35 MP: 6/10
  3648 | D:3      | Reached skill level 1 in Charms
  3813 | D:3      | Found a shattered altar of Ashenzari.
  3943 | D:3      | Found a stormy altar of Qazlal.
  4534 | D:4      | Learned a level 3 spell: Portal Projectile
  4677 | D:4      | Found a shimmering altar of Xom.
  4677 | D:4      | Found a sacrificial altar of Ru.
  4778 | D:4      | Reached XP level 6. HP: 2/41 MP: 3/11
  5177 | D:4      | Learned a level 3 spell: Teleport Other
  5617 | D:4      | Found a white marble altar of Elyvilon.
  5745 | D:4      | Got a scorched ring mail
  5765 | D:5      | Entered Level 5 of the Dungeon
  6039 | D:6      | Found a blossoming altar of Fedhas.
  6062 | D:6      | HP: 2/41 [hound skeleton (3)]
  6065 | D:6      | Slain by a hound skeleton

Vault maps used:
D:1:      saegor_arrival_miasma, minmay_misc_feat_room, serial_bayou_pond_e
D:2:      lemuel_crystal_altar, uniq_jessica
D:3:      lemuel_round_altar, minmay_misc_feat_four_crosses, ashenzari_altar_1
D:4:      gammafunk_temple_overflow_wave, elyvilon_altar_3
D:5:      overflow_temple_1_default, kennysheep_mini_moat, lemuel_doored_altar,
          first_bread, serial_bayou_pond_a, minivault_4
D:6:      black_bear_nest_2, fedhas_altar_3, enter_ossuary_4, serial_shops,
          kennysheep_little_box, uniq_grinder

Action                   |  1- 3 |  4- 6 || total
-------------------------+-------+-------++-------
Melee: Short sword       |   165 |   293 ||   458
Throw: Stone             |    77 |    29 ||   106
       Tomahawk          |     1 |    54 ||    55
 Cast: Shroud of Golubri |     6 |    31 ||    37
       Apportation       |       |     1 ||     1
       Blink             |       |     4 ||     4
       Portal Projectile |       |     5 ||     5
       Teleport Other    |       |     1 ||     1
Evoke: Wand              |       |     1 ||     1
  Use: Scroll            |       |     5 ||     5
       Potion            |       |     3 ||     3
 Stab: Sleeping          |     1 |     1 ||     2
       Distracted        |       |     1 ||     1
  Eat: Chunk             |     5 |     7 ||    12
       Bread ration      |       |     1 ||     1
